 Dungeon Crawl Stone Soup version 0.21.1-1-g345015f (webtiles) character file.

56968 nightchill the Fighter (level 15, -3/126 HPs)
             Began as a Formicid Fighter on Mar 23, 2018.
             Was a High Priest of Okawaru.
             Killed from afar by a thorn hunter (29 damage)
             ... with a volley of thorns
             ... on level 1 of the Swamp on Mar 24, 2018.
             The game lasted 02:27:39 (31513 turns).

nightchill the Fighter (Formicid Fighter)          Turns: 31513, Time: 02:27:39

Health: -3/126     AC: 18    Str: 26    XL:     15   Next: 24%
Magic:  21/21      EV: 15    Int:  9    God:    Okawaru [*****.]
Gold:   1357       SH: 14    Dex: 10    Spells: 14/14 levels left

rFire    + + +     SeeInvis +   M - +2 demon blade (elec)
rCold    . . .     Gourm    .   c - +0 shield
rNeg     . . .     Faith    .   y - +3 scale mail {MR+}
rPois    +         Spirit   .   (helmet unavailable)
rElec    .         Reflect  .   j - +2 cloak {MR+}
rCorr    .         Harm     .   (no gloves)
MR       +++..                  Y - +2 pair of boots
Stlth    ..........             (no amulet)
HPRegen  0.31/turn              z - ring "Bipsig" {*Drain rPois rF+++}
MPRegen  0.17/turn              m - +5 ring of evasion

@: very slightly contaminated, invisible
A: permanent stasis, dig shafts and tunnels, four strong arms, antennae 3
a: Dig, Shaft Self, Heroism, Finesse, Renounce Religion


You were on level 1 of the Swamp.
You worshipped Okawaru.
Okawaru was extremely pleased with you.
You were hungry.

You visited 6 branches of the dungeon, and saw 23 of its levels.
You also visited: Sewer.

You collected 1921 gold pieces.
You spent 564 gold pieces at shops.

Inventory:

Hand Weapons
 a - the +1 falchion of Magnificence {flame, rElec Int+7 Dex+3}
   (You found it on level 1 of the Lair of Beasts)

   It has been specially enchanted to burn those struck by it, causing extra
   injury to most foes and up to half again as much damage against particularly
   susceptible opponents.
   Big, fiery blades are also staple armaments of hydra-hunters.
   It affects your intelligence (+7).
   It affects your dexterity (+3).
   It insulates you from electricity.
 b - a +0 blowgun
 u - a +2 scimitar of flaming
 x - a +0 dagger of pain
 M - a +2 demon blade of electrocution (weapon)
Missiles
 C - 27 sling bullets
Armour
 c - a +0 shield (worn)
 j - a +2 cloak of magic resistance (worn)
 p - a +0 plate armour
 y - a +3 scale mail of magic resistance (worn)
 Y - a +2 pair of boots (worn)
Jewellery
 e - a +4 ring of intelligence
 m - a +5 ring of evasion (right hand)
 z - the ring "Bipsig" (left hand) {*Drain rPois rF+++}
   (You bought it in a shop on level 2 of the Orcish Mines)

   [ring of poison resistance]

   It renders you almost immune to fire.
   It protects you from poison.
   It causes draining when unequipped.
Wands
 g - a wand of digging (16)
 l - a wand of enslavement (10)
 s - a wand of acid (3)
 P - a wand of paralysis (26)
 S - a wand of iceblast (27)
 V - a wand of flame (34)
Scrolls
 d - 3 scrolls of fear
 h - 3 scrolls of noise
 i - 3 scrolls of magic mapping
 A - a scroll of enchant weapon
 D - a scroll of enchant armour
 F - a scroll of brand weapon
 H - 3 scrolls of amnesia
 J - 5 scrolls of identify
 R - 2 scrolls of remove curse
 W - a scroll of immolation
Potions
 k - 3 potions of magic
 n - 5 potions of curing
 q - a potion of cancellation
 r - 4 potions of flight
 t - 7 potions of mutation
 v - 5 potions of ambrosia
 w - 3 potions of brilliance
 B - 2 potions of lignification
 G - a potion of might
 K - a potion of invisibility
 L - a potion of agility
Miscellaneous
 I - a crystal ball of energy
 O - 2 phantom mirrors
Comestibles
 f - 19 rations


   Skills:
 + Level 14.2 Fighting
 - Level 14.0 Long Blades
   Level 2.0 Slings
 - Level 8.5 Armour
 + Level 14.2 Shields
 - Level 7.9 Invocations
 - Level 8.0 Evocations


You had 14 spell levels left.
You didn't know any spells.

Dungeon Overview and Level Annotations

Branches:
Dungeon (13/15)            Temple (1/1) D:6            Lair (5/6) D:8
  Swamp (1/4) Lair:2       Spider (0/4) Lair:2        Slime (0/5) Lair:5
    Orc (2/2) D:10            Elf (1/3) Orc:2
 Vaults: D:13-14

Altars:
Ashenzari
Cheibriados
Elyvilon
Kikubaaqudgha
Makhleb
Nemelex Xobeh
Okawaru
Qazlal
Ru
Sif Muna
Trog
Vehumet
Yredelemnul
Zin
The Shining One
Jiyva

Shops:
D:5 [   D:8 %   D:9 (([   Orc:2 [=[:

Annotations:
D:9 exclusion: downstairs
D:12 exclusion: 2 downstairs
D:13 !frances, Frances
Lair:2 exclusion: 2 oklob plants
Lair:5 1 runed door, exclusion: door
Orc:2 exclusion: downstairs


Innate Abilities, Weirdness & Mutations

You cannot be hasted, slowed, berserked, paralysed or teleported.
You can dig through walls and to a lower floor.
Your four strong arms can wield two-handed weapons with a shield.
You have a pair of large antennae on your head. (SInv)


Message History

The briar patch crumbles away.
The briar patch crumbles away. x2
The thorn hunter gestures. x2
The briar patch crumbles away.
The briar patch crumbles away.
The briar patch crumbles away.
Thorny briars emerge from the ground!
The briar patch crumbles away.
The spiny frog croaks.
The briar patch crumbles away. x2
The thorn hunter fires a volley of thorns at you.
The volley of thorns hits you!
* * * LOW HITPOINT WARNING * * *
The thorn hunter fires a volley of thorns at you.
The volley of thorns hits you!
* * * LOW HITPOINT WARNING * * *
You feel much better.
The spiny frog croaks.
The thorn hunter fires a volley of thorns at you.
The volley of thorns hits you!
You die... ..... ♣§.§.♣P≈..♣..♣♣ ...... ≈...t...PP...♣ 8..... ...≈./≈≈PP..♣♣ ..... ≈..≈≈.≈≈PP≈.♣ ..... .♣≈♣♣.≈fPP≈.♣ ≈≈.♣ ♣♣ ♣PPPPP≈.♣

≈≈≈♣ ♣♣PPPP.≈♣
≈≈♣≈♣.. ♣♣..≈.≈.♣♣
≈≈≈♣♣.. ♣≈≈≈≈@≈..♣♣
≈≈♣♣≈... ♣♣≈≈≈.≈≈..♣
♣ ♣ ♣....♣
♣♣.≈>.≈≈.♣♣ ♣♣♣
♣...♣♣♣..≈♣.≈.≈..$
≈≈♣
♣≈≈..♣.≈≈≈≈....§≈≈.≈
§≈♣♣
♣≈♣♣..≈≈≈≈≈.....≈≈≈
≈≈.♣
♣♣≈§.F..≈♣♣≈.≈..≈≈≈♣
♣≈.♣
♣.≈≈≈...♣♣♣.§≈≈♣.≈.♣
≈..♣ ♣.≈≈...♣♣
♣..§≈≈≈≈♣♣


You could see a thorn hunter, an alligator (wandering) and a spiny frog
(wandering).

Vanquished Creatures
  An orc warlord (D:10)
  Snorg (D:12)
  Erolcha (Orc:1)
  4 hydras
  Erica (Orc:1)
  2 two-headed ogres (D:9)
  5 alligators (Swamp:1)
  An orc high priest (Orc:2)
  A deep elf knight (Elf:1)
  2 unseen horrors
  2 orc knights
  Pikel (D:8)
  2 ugly things
  11 deep elf magi (Elf:1)
  6 orc sorcerers
  2 cyclopes
  3 elephants (Lair:3)
  3 manticores
  The ghost of PaperRat the Covered, a novice DDHu (D:5)
  8 spiny frogs
  The ghost of Melicamp the Cutter, a novice KoAr (D:6)
  2 gargoyles
  5 komodo dragons
  A polar bear (Lair:5)
  5 trolls
  Grinder (D:3)
  3 blink frogs (Lair:5)
  2 tyrant leeches
  A hornet (Swamp:1)
  A bog body (Swamp:1)
  4 slime creatures
  2 hippogriffs
  A meliai zombie (D:12)
  Sigmund (D:2)
  A spriggan (D:7)
  2 shadows
  35 yaks
  3 basilisks
  A wyvern (D:8)
  A hungry ghost (D:12)
  Menkaure (D:6)
  7 vampire mosquitoes
  9 water moccasins
  Edmund (D:5)
  8 wargs
  2 hell hounds (D:8)
  5 black bears
  8 porcupines
  4 ice beasts
  26 orc warriors
  A swamp drake (Swamp:1)
  2 phantoms
  5 sky beasts
  An eye of draining (D:9)
  A necrophage (D:8)
  9 ogres
  3 wolves (Lair:3)
  16 centaurs
  8 crocodiles
  Blork the orc (D:5)
  12 bullfrogs
  8 big kobolds
  A wyvern skeleton (D:8)
  2 scorpions (D:10)
  3 killer bees
  15 wights
  4 howler monkeys (D:12)
  2 vampire bats (D:3)
  2 crimson imps
  2 bullfrog zombies
  32 orc priests
  9 hounds
  5 jellies
  Crazy Yiuf (D:2)
  2 bullfrog skeletons
  A gnoll shaman (D:8)
  2 iguanas
  Jessica (D:3)
  29 orc wizards
  Natasha (thrice) (D:2)
  8 worker ants
  A killer bee zombie (D:7)
  2 hound skeletons (D:8)
  A mummy (D:7)
  A howler monkey skeleton (D:10)
  3 gnolls (D:8)
  24 adders
  2 river rats (Sewer)
  2 shadow imps
  3 oozes
  2 adder zombies
  An adder skeleton (D:4)
  9 worms
  A dart slug (D:1)
  4 leopard geckos
  66 orcs
  8 bats
  2 bat skeletons (D:3)
  3 bat zombies (D:3)
  7 giant cockroaches
  5 goblins
  9 hobgoblins
  7 jackals
  26 kobolds
  4 quokkas
  5 ball pythons
  6 frilled lizards
  A jackal zombie (D:5)
  10 rats
608 creatures vanquished.

Vanquished Creatures (collateral kills)
  An orc high priest (Elf:1)
  3 deep elf magi (Elf:1)
  An orc wizard (Elf:1)
  2 orcs (Elf:1)
7 creatures vanquished.

Vanquished Creatures (others)
  An orc warrior (Elf:1)
  2 slaves (D:8)
  A bullfrog (D:8)
  An orc (Orc:1)
  2 briar patches (Swamp:1)
  A fungus (Lair:3)
  3 plants (Lair:2)
11 creatures vanquished.

Grand Total: 626 creatures vanquished

Notes
Turn   | Place    | Note
-------+----------+-------------------------------------------
     0 | D:1      | nightchill the Formicid Fighter began the quest for the Orb.
     0 | D:1      | Reached XP level 1. HP: 18/18 MP: 1/1
   121 | D:1      | Reached XP level 2. HP: 24/24 MP: 2/2
   710 | D:1      | Reached XP level 3. HP: 30/30 MP: 3/3
   948 | D:2      | Found a white marble altar of Elyvilon.
  1062 | D:2      | Reached XP level 4. HP: 34/37 MP: 4/4
  1665 | D:2      | Reached XP level 5. HP: 20/42 MP: 5/5
  1862 | D:2      | Found a burning altar of Makhleb.
  1862 | D:2      | Noticed a blizzard demon
  1865 | D:2      | Noticed a ynoxinul
  1865 | D:2      | Noticed a neqoxec
  1898 | D:2      | Noticed Sigmund
  1915 | D:2      | Killed Sigmund
  1915 | D:2      | Reached skill level 5 in Fighting
  1915 | D:2      | Reached skill level 5 in Long Blades
  1915 | D:2      | Reached XP level 6. HP: 27/51 MP: 6/6
  2108 | D:2      | Noticed Natasha
  2124 | D:2      | Killed Natasha
  2675 | D:2      | Found a runed door.
  2679 | D:2      | Noticed Crazy Yiuf
  2684 | D:2      | Killed Crazy Yiuf
  2684 | D:2      | Reached XP level 7. HP: 26/56 MP: 7/7
  2876 | D:2      | Noticed Natasha
  2883 | D:2      | Killed Natasha
  2984 | D:2      | Noticed Natasha
  2992 | D:2      | Killed Natasha
  3036 | D:3      | Found a sacrificial altar of Ru.
  3078 | D:3      | Found a deep blue altar of Sif Muna.
  3078 | D:3      | Noticed Grinder
  3137 | D:3      | Killed Grinder
  3884 | D:3      | Noticed Jessica
  3891 | D:3      | Killed Jessica
  3967 | D:3      | Found an ancient bone altar of Kikubaaqudgha.
  3969 | D:3      | Reached XP level 8. HP: 64/64 MP: 8/8
  4962 | D:5      | Entered Level 5 of the Dungeon
  4969 | D:5      | Noticed PaperRat's ghost (novice DDHu)
  4996 | D:5      | Killed PaperRat's ghost
  5333 | D:5      | Reached XP level 9. HP: 72/72 MP: 9/9
  5391 | D:5      | Found a basalt altar of Yredelemnul.
  5513 | D:5      | Found Cuun's Antique Armour Shoppe.
  5714 | D:5      | Noticed Edmund
  5721 | D:5      | Killed Edmund
  5747 | D:5      | Noticed Blork the orc
  5751 | D:5      | Killed Blork the orc
  5751 | D:5      | Reached skill level 5 in Shields
  6110 | D:5      | Reached skill level 5 in Armour
  6456 | D:6      | Found a glowing golden altar of the Shining One.
  7054 | D:6      | Found a glowing drain.
  7058 | Sewer    | Entered a sewer
  7445 | Sewer    | Reached XP level 10. HP: 79/80 MP: 10/10
  7688 | D:6      | Found a glowing silver altar of Zin.
  7900 | D:6      | Reached skill level 10 in Long Blades
  8093 | D:6      | Found a staircase to the Ecumenical Temple.
  8212 | Temple   | Entered the Ecumenical Temple
  8245 | Temple   | Became a worshipper of Warmaster Okawaru
  8271 | D:6      | Noticed Melicamp's ghost (novice KoAr)
  8288 | D:6      | Killed Melicamp's ghost
  8288 | D:6      | Reached skill level 1 in Invocations
  8619 | D:6      | Noticed Menkaure
  8631 | D:6      | Killed Menkaure
  8825 | D:7      | Reached * piety under Okawaru
  8920 | D:7      | Found a snail-covered altar of Cheibriados.
  9668 | D:8      | Found a shattered altar of Ashenzari.
  9681 | D:8      | Found Orghaett's Food Emporium.
  9882 | D:8      | Noticed Pikel
  9903 | D:8      | Killed Pikel
  9903 | D:8      | Reached ** piety under Okawaru
  9903 | D:8      | Reached XP level 11. HP: 84/89 MP: 13/13
  9988 | D:8      | Found a staircase to the Lair.
 10468 | D:9      | Found Odwets's Armour Shoppe.
 10604 | D:9      | Noticed a two-headed ogre
 10626 | D:9      | Killed a two-headed ogre
 10629 | D:9      | Reached *** piety under Okawaru
 11066 | D:9      | Found Qiddow's Weapon Shoppe.
 11296 | D:9      | Noticed a two-headed ogre
 11309 | D:9      | Killed a two-headed ogre
 11309 | D:9      | Reached skill level 1 in Slings
 11309 | D:9      | Reached skill level 5 in Invocations
 11670 | D:9      | Found Mushre's Antique Weapon Shoppe.
 12064 | D:10     | Entered Level 10 of the Dungeon
 12083 | D:10     | Found a staircase to the Orcish Mines.
 12085 | D:10     | Noticed an unseen horror
 12440 | D:10     | Killed an unseen horror
 13175 | D:10     | Reached **** piety under Okawaru
 13584 | D:10     | Reached skill level 10 in Fighting
 13637 | D:11     | Reached XP level 12. HP: 96/97 MP: 16/16
 14146 | D:11     | Reached ***** piety under Okawaru
 14221 | D:11     | Found a glowing golden altar of the Shining One.
 14221 | D:11     | Noticed an unseen horror
 14420 | D:11     | Killed an unseen horror
 14746 | Lair:1   | Entered Level 1 of the Lair of Beasts
 14842 | Lair:1   | Received a gift from Okawaru
 15896 | Lair:1   | Got a scorched falchion
 15899 | Lair:1   | Identified the +1 falchion of Magnificence {flame, rElec Int+7 Dex+3} (You found it on level 1 of the Lair of Beasts)
 16146 | Lair:1   | Reached skill level 10 in Shields
 16437 | Lair:2   | Found a sparkling altar of Nemelex Xobeh.
 16441 | Lair:2   | Found a hole to the Spider Nest.
 16850 | Lair:2   | Received a gift from Okawaru
 16871 | Lair:2   | Reached XP level 13. HP: 70/105 MP: 12/18
 18583 | Lair:3   | Reached skill level 1 in Evocations
 19142 | Lair:3   | Received a gift from Okawaru
 21821 | Lair:5   | Found a runed door.
 21822 | Lair:5   | Found a viscous altar of Jiyva.
 21822 | Lair:5   | Noticed an acid blob
 21823 | Lair:5   | Found a staircase to the Slime Pits.
 21823 | Lair:5   | Noticed an acid blob
 22247 | Orc:1    | Entered Level 1 of the Orcish Mines
 22249 | Orc:1    | Noticed Erica
 22261 | Orc:1    | Noticed an orc warlord
 23069 | D:10     | Killed an orc warlord
 23179 | Orc:1    | Killed Erica
 23338 | Orc:1    | Found a radiant altar of Vehumet.
 23683 | Orc:1    | Noticed Erolcha
 23692 | Orc:1    | Killed Erolcha
 23949 | Orc:2    | Entered Level 2 of the Orcish Mines
 23980 | Orc:1    | Reached skill level 5 in Evocations
 24144 | Orc:1    | Reached XP level 14. HP: 115/115 MP: 19/19
 24456 | Orc:1    | Received a gift from Okawaru
 25407 | Orc:2    | Found a bloodstained altar of Trog.
 25824 | Orc:2    | Found a staircase to the Elven Halls.
 26373 | Orc:2    | Found Licui's Jewellery Boutique.
 26373 | Orc:2    | Found Qogrowkeid's Antique Armour Boutique.
 26378 | Orc:2    | Found Alocretac's Armour Shop.
 26449 | Orc:2    | Found Maqah Lirr's Book Shop.
 27011 | Orc:2    | Bought the ring "Bipsig" {*Drain rPois rF+++} for 564 gold pieces
 28074 | D:12     | Noticed Snorg
 28097 | D:12     | Killed Snorg
 29002 | D:13     | Noticed Frances
 29507 | Elf:1    | Entered Level 1 of the Elven Halls
 29514 | Elf:1    | Received a gift from Okawaru
 29531 | Elf:1    | Received a gift from Okawaru
 30278 | Elf:1    | Noticed a deep elf annihilator
 30790 | Lair:2   | Found a staircase to the Swamp.
 30797 | Swamp:1  | Entered Level 1 of the Swamp
 30813 | Swamp:1  | Reached XP level 15. HP: 115/125 MP: 21/21
 31492 | Swamp:1  | Noticed a thorn hunter
 31512 | Swamp:1  | HP: 1/126 [thorn hunter/volley of thorns (25)]
 31513 | Swamp:1  | Killed from afar by a thorn hunter

Skill      XL: |  1  2  3  4  5  6  7  8  9 10 11 12 13 14 15 |
---------------+----------------------------------------------+-----
Long Blades    | 3 4 5 7 8 9 11 12 13 14 | 14.0
Fighting       | 4 5 6 7 8 9 10 12 13 14 | 14.2
Shields        | 4 6 7 9 10 11 13 14 | 14.2
Armour         | 4 5 7 8 |  8.5
Invocations    | 3 5 7 |  7.9
Slings         | 2 |  2.0
Evocations     | 5 8 |  8.0

Action                   |  1- 3 |  4- 6 |  7- 9 | 10-12 | 13-15 || total
-------------------------+-------+-------+-------+-------+-------++-------
Melee: Long sword        |    97 |   132 |   537 |   997 |       ||  1763
       Falchion          |       |       |       |    88 |  1432 ||  1520
       Demon blade       |       |       |       |       |   112 ||   112
Throw: Stone             |       |       |       |     1 |       ||     1
Invok: Heroism           |       |       |       |    21 |    22 ||    43
       Finesse           |       |       |       |     1 |     3 ||     4
 Abil: Dig               |       |     2 |    12 |    18 |     4 ||    36
Evoke: Wand              |       |       |       |       |     4 ||     4
       Box of beasts     |       |       |       |       |     2 ||     2
  Use: Potion            |       |     1 |     1 |     5 |     6 ||    13
       Scroll            |       |       |    16 |    11 |     9 ||    36
 Stab: Distracted        |       |       |       |     1 |       ||     1
  Eat: Chunk             |     1 |     5 |    14 |    22 |    39 ||    81
       Ration            |       |       |     1 |     4 |     2 ||     7
Armor: Scale mail        |    42 |    48 |    97 |       |   154 ||   341
       Plate armour      |       |       |    33 |   208 |   138 ||   379
       Skin              |       |       |       |     3 |       ||     3
Dodge: Dodged            |    25 |    30 |   158 |   277 |   438 ||   928
Block: Shield            |    42 |    71 |   200 |   507 |   668 ||  1488
       Rpst.: Long sword |    11 |    12 |    49 |    65 |       ||   137
       Falchion          |       |       |       |     5 |   104 ||   109
       Demon blade       |       |       |       |       |    10 ||    10
